 Dungeon Crawl Stone Soup version 0.29.0-4-gdea44cf6ec (webtiles) character file.

Game seed: 6489196647010047625

3145 qw the Grappler (level 9, -3/84 HPs)
             Began as a Troll Cinder Acolyte on Aug 30, 2022.
             Was a Priest of Ignis.
             Killed by divine providence
             ... invoked by an orc priest
              (13 damage)
             ... on level 8 of the Dungeon.
             The game lasted 00:03:19 (5310 turns).

qw the Grappler (Troll Cinder Acolyte)              Turns: 5310, Time: 00:03:19

Health: -3/84      AC: 13    Str: 28    XL:     9   Next: 62%
Magic:  9/9        EV: 11    Int:  5    God:    Ignis [***...]
Gold:   380        SH:  0    Dex: 17    Spells: 10/10 levels left

rFire   + . .      SeeInvis .     - Unarmed
rCold   + + +      Faith    .   (no shield)
rNeg    + . .      Spirit   .   a - +0 robe
rPois   +          Reflect  .   (helmet restricted)
rElec   +          Harm     .   h - +1 cloak {rPois}
rCorr   .          Rampage  .   (gloves unavailable)
Will    .....                   (boots unavailable)
Stlth   +.........              (no amulet)
HPRegen 1.04/turn               k - ring of Wariness {rElec rN+ Dex+8 Stlth-}
MPRegen 0.11/turn               m - ring "Nirghoasu" {Fly rPois rC+++ Int-5 Dex+4}

@: fiery-armoured, flying
A: large, unfitting armour, claws 3, regeneration 1, shaggy fur 1, tough skin 1
a: Renounce Religion, Fiery Armour, Foxfire Swarm, Rising Flame


You were on level 8 of the Dungeon.
You worshipped Ignis.
Ignis was most pleased with you.
You visited 1 branch of the dungeon, and saw 8 of its levels.

You collected 380 gold pieces.


Innate Abilities, Weirdness & Mutations

You are too large for most types of armour.
You have claws for hands.
Your natural rate of healing is unusually fast.
You are covered in fur. (AC +1)
You have tough skin. (AC +1)


   Skills:
 - Level 4.2 Fighting
 - Level 3.6 Throwing
 - Level 3.0 Dodging
 + Level 11.9 Unarmed Combat
 - Level 1.0 Spellcasting
 - Level 2.1 Fire Magic


You had 10 spell levels left.
You didn't know any spells.
Your spell library contained the following spells:

 Spells                   Type           Power      Damage    Failure   Level
 Scorch                   Fire           4%         2d5       30%         2

Inventory:

Missiles
 f - a boomerang
 s - 6 javelins (quivered)
Armour
 a - a +0 robe (worn)
 h - a +1 cloak of poison resistance (worn)
Jewellery
 k - the ring of Wariness (left claw) {rElec rN+ Dex+8 Stlth-}
   (You took it off a gnoll on level 4 of the Dungeon)

   [ring of positive energy]

   Dex:       It affects your dexterity (+8).
   rElec:     It insulates you from electricity.
   rN:        It protects you from negative energy.
   Stlth:     It makes you less stealthy.
 m - the ring "Nirghoasu" (right claw) {Fly rPois rC+++ Int-5 Dex+4}
   (You found it on level 5 of the Dungeon)

   [ring of flight]

   Int:       It affects your intelligence (-5).
   Dex:       It affects your dexterity (+4).
   rC:        It renders you almost immune to cold.
   rPois:     It protects you from poison.
   Fly:       It grants you flight.
 n - a ring of poison resistance
Scrolls
 c - a scroll of identify
 o - 2 scrolls of enchant weapon
Potions
 b - a potion of cancellation
 d - 2 potions of curing
 e - 2 potions of might
 j - a potion of degeneration {unknown}
 l - a potion of attraction {unknown}
 p - a potion of haste {unknown}
 q - a potion of resistance {unknown}
 u - a potion of mutation {unknown}

Dungeon Overview and Level Annotations

Branches:
Dungeon (8/15)             Temple (0/1) D:6
   Lair: D:8-11

Altars:

Annotations:
D:5 2 runed translucent doors, qw's ghost, amateur TeWr


Message History

The gnoll hits you from afar with a +0 spear.
You closely miss the orc. You claw the orc.
The orc is moderately wounded.
The gnoll hits you but does no damage.
You claw the orc!
You kill the orc!
The gnoll hits you but does no damage. The orc hits you but does no damage.
The orc is burned by your cloak of flames.
The orc is almost dead.
The gnoll closely misses you. The gnoll hits you but does no damage.
The gnoll is burned by your cloak of flames.
The gnoll is moderately wounded.
Items here: %%%% (( ))))))) [[[[.
5306 ||| Stepping ~*~*~tactically~*~*~ (outnumbered).
The orc attacks as you move away! The orc hits you but does no damage.
The orc is burned by your cloak of flames.
You kill the orc!
The gnoll hits you from afar with a +0 spear.
Items here: )) [[.
The orc hits you but does no damage.
The orc is burned by your cloak of flames.
The orc is heavily wounded.
The gnoll closely misses you. The gnoll hits you but does no damage.
The gnoll is burned by your cloak of flames.
The gnoll is heavily wounded.
Items here: %%%% (( ))))))) [[[[.
You mangle the gnoll!!
You kill the gnoll!
The orc hits you with a +0 mace.
The orc is burned by your cloak of flames.
The orc is almost dead.
The gnoll hits you but does no damage.
You barely miss the orc. Your claw misses the orc.
The orc is almost dead.
You mangle the orc!!
You kill the orc!
The orc priest invokes the aid of Beogh against you.
Beogh smites you!
You die...

#......
####.....
.........
.........
........#
.......g#
#..oo# #@#
#)# #.# #.#
#.# #.#
#.#########
#........<#
###########


You could see an orc priest, a gnoll and an orc.

Vanquished Creatures
  A wyvern (D:8)
  6 yaks (D:8)
  A water moccasin (D:7)
  Duvessa (D:5)
  A sky beast (D:7)
  An orc warrior (D:6)
  2 ogres
  A centaur (D:5)
  2 kobold brigands
  A necrophage (D:7)
  2 bullfrogs
  6 wights (D:7)
  Dowan (D:5)
  3 howler monkeys (D:7)
  A jelly (D:7)
  5 orc priests
  A gnoll bouda (D:8)
  A hound (D:3)
  An iguana (D:4)
  5 orc wizards
  Robin (D:2)
  7 gnolls
  9 adders
  2 white imps
  An ufetubus (D:3)
  A worm (D:4)
  2 dart slugs (D:1)
  27 orcs
  6 ball pythons
  7 endoplasms
  3 giant cockroaches
  16 goblins
  9 hobgoblins
  2 jackals (D:4)
  6 quokkas
  7 bats
  A frilled lizard (D:3)
  16 kobolds
  8 rats
174 creatures vanquished.

Notes
Turn   | Place    | Note
-------+----------+-------------------------------------------
     0 | D:1      | qw the Troll Cinder Acolyte began the quest for the Orb.
     0 | D:1      | Reached XP level 1. HP: 22/22 MP: 1/1
     0 | D:1      | 0 ||| qw: Version: 0.1-a-95-gae9e614
     0 | D:1      | 0 ||| qw: Game counter: 4430
     0 | D:1      | 0 ||| qw: Always use a shield: true
     0 | D:1      | 0 ||| qw: God list: Okawaru
     0 | D:1      | 0 ||| qw: Allow faded altars: false
     0 | D:1      | 0 ||| qw: Do Orc after D:15 true
     0 | D:1      | 0 ||| qw: Do second Lair branch before Depths: true
     0 | D:1      | 0 ||| qw: Lair rune preference: random
     0 | D:1      | 0 ||| qw: Plans: Normal
     0 | D:1      | 0 ||| PLANNING D:1-11
   129 | D:1      | 129 ||| Stepping ~*~*~tactically~*~*~ (hiding).
   139 | D:1      | 139 ||| INVOKING Fiery Armour.
   187 | D:1      | Reached XP level 2. HP: 29/29 MP: 2/2
   389 | D:1      | 389 ||| Stepping ~*~*~tactically~*~*~ (stealth).
   392 | D:1      | 392 ||| Stepping ~*~*~tactically~*~*~ (stealth).
   506 | D:1      | Found a faded altar of an unknown god.
   585 | D:1      | Reached skill level 4 in Unarmed Combat
   939 | D:1      | 939 ||| READING scroll labelled WIFEPE DESAINT.
   953 | D:1      | 953 ||| READING scroll labelled NITREL REASIMP.
   954 | D:1      | 954 ||| READING scroll labelled ZUFIEPN XIMNE.
   997 | D:2      | Reached XP level 3. HP: 36/36 MP: 3/3
  1145 | D:2      | 1145 ||| Stepping ~*~*~tactically~*~*~ (outnumbered).
  1390 | D:2      | 1390 ||| Stepping ~*~*~tactically~*~*~ (outnumbered).
  1393 | D:2      | 1393 ||| Stepping ~*~*~tactically~*~*~ (stealth).
  1396 | D:2      | 1396 ||| INVOKING Fiery Armour.
  1399 | D:2      | Noticed Robin
  1400 | D:2      | 1400 ||| Stepping ~*~*~tactically~*~*~ (hiding).
  1401 | D:2      | 1401 ||| Stepping ~*~*~tactically~*~*~ (hiding).
  1405 | D:2      | 1405 ||| Stepping ~*~*~tactically~*~*~ (outnumbered).
  1406 | D:2      | 1406 ||| Stepping ~*~*~tactically~*~*~ (outnumbered).
  1413 | D:2      | Killed Robin
  1414 | D:2      | Reached skill level 5 in Unarmed Combat
  1414 | D:2      | Reached XP level 4. HP: 44/44 MP: 4/4
  1566 | D:2      | 1566 ||| READING 2 scrolls labelled ZYEMOA ACUJ.
  1567 | D:2      | 1567 ||| READING scroll labelled HUNOUCH DALENT.
  1568 | D:2      | 1568 ||| READING scroll labelled KAODGH ECOEKY.
  1573 | D:2      | 1573 ||| READING scroll labelled GOEPURO DYLA.
  1574 | D:2      | 1574 ||| DRINKING 2 smoky black potions.
  1575 | D:2      | 1575 ||| DROPPING scroll of noise.
  1576 | D:2      | 1576 ||| DROPPING potion of magic.
  1668 | D:3      | 1668 ||| Stepping ~*~*~tactically~*~*~ (hiding).
  1871 | D:3      | 1871 ||| FLEEEEING.
  1872 | D:3      | 1872 ||| FLEEEEING.
  1873 | D:3      | 1873 ||| FLEEEEING.
  1874 | D:3      | 1874 ||| FLEEEEING.
  2127 | D:3      | 2127 ||| FLEEEEING.
  2129 | D:3      | 2129 ||| Stepping ~*~*~tactically~*~*~ (stealth).
  2131 | D:3      | 2131 ||| Stepping ~*~*~tactically~*~*~ (stealth).
  2132 | D:3      | 2132 ||| Stepping ~*~*~tactically~*~*~ (stealth).
  2219 | D:3      | 2219 ||| Stepping ~*~*~tactically~*~*~ (stealth).
  2226 | D:3      | Reached XP level 5. HP: 50/50 MP: 5/5
  2373 | D:3      | Reached skill level 6 in Unarmed Combat
  2397 | D:3      | You fall into a shaft and drop 1 floor!
  2413 | D:4      | 2413 ||| UPGRADING to +1 cloak of poison resistance.
  2418 | D:4      | 2418 ||| READING scroll labelled TEUT VUILEYR.
  2419 | D:4      | 2419 ||| READING 2 scrolls of identify.
  2419 | D:4      | 2419 ||| IDENTIFYING blue potion
  2624 | D:4      | 2624 ||| STAIRDANCE
  2638 | D:4      | 2638 ||| STAIRDANCE
  2649 | D:4      | 2649 ||| STAIRDANCE
  2654 | D:4      | 2654 ||| STAIRDANCE
  2736 | D:4      | 2736 ||| Stepping ~*~*~tactically~*~*~ (stealth).
  2738 | D:4      | 2738 ||| Stepping ~*~*~tactically~*~*~ (stealth).
  2743 | D:4      | 2743 ||| Stepping ~*~*~tactically~*~*~ (hiding).
  2746 | D:4      | 2746 ||| Stepping ~*~*~tactically~*~*~ (hiding).
  2748 | D:4      | 2748 ||| Stepping ~*~*~tactically~*~*~ (hiding).
  2749 | D:4      | 2749 ||| Stepping ~*~*~tactically~*~*~ (hiding).
  2812 | D:4      | Identified the ring of Wariness {rElec rN+ Dex+8 Stlth-}
  2813 | D:4      | 2813 ||| Stepping ~*~*~tactically~*~*~ (stealth).
  2817 | D:4      | 2817 ||| Stepping ~*~*~tactically~*~*~ (hiding).
  2818 | D:4      | 2818 ||| INVOKING Fiery Armour.
  3164 | D:4      | 3164 ||| UPGRADING to ring of Wariness {rElec rN+ Dex+8
                  | Stlth-}.
  3165 | D:4      | 3165 ||| READING scroll labelled TIQOYGH DUDE.
  3166 | D:4      | 3166 ||| READING scroll labelled KOQOCZUOFA.
  3167 | D:4      | 3167 ||| DRINKING 2 inky potions.
  3168 | D:4      | 3168 ||| READING 2 scrolls of identify.
  3168 | D:4      | 3168 ||| IDENTIFYING ruby potion
  3180 | D:5      | Entered Level 5 of the Dungeon
  3198 | D:5      | Reached XP level 6. HP: 59/59 MP: 6/6
  3202 | D:5      | Reached skill level 1 in Dodging
  3220 | D:5      | Reached skill level 7 in Unarmed Combat
  3291 | D:5      | 3291 ||| Stepping ~*~*~tactically~*~*~ (outnumbered).
  3292 | D:5      | 3292 ||| Stepping ~*~*~tactically~*~*~ (stealth).
  3308 | D:5      | Noticed Duvessa
  3308 | D:5      | Noticed Dowan
  3309 | D:5      | 3309 ||| Stepping ~*~*~tactically~*~*~ (hiding).
  3312 | D:5      | Killed Duvessa
  3313 | D:5      | Reached XP level 7. HP: 56/66 MP: 7/7
  3317 | D:5      | Killed Dowan
  3318 | D:5      | Reached skill level 8 in Unarmed Combat
  3442 | D:5      | Identified the ring "Nirghoasu" {Fly rPois rC+++ Int-5
                  | Dex+4}
  3487 | D:5      | Reached skill level 3 in Fighting
  3520 | D:5      | 3520 ||| UPGRADING to ring "Nirghoasu" {Fly rPois rC+++
                  | Int-5 Dex+4}.
  3552 | D:6      | 3552 ||| Stepping ~*~*~tactically~*~*~ (hiding).
  3570 | D:6      | 3570 ||| Stepping ~*~*~tactically~*~*~ (stealth).
  3575 | D:6      | 3575 ||| Stepping ~*~*~tactically~*~*~ (stealth).
  3582 | D:6      | 3582 ||| Stepping ~*~*~tactically~*~*~ (stealth).
  3582 | D:6      | Found a staircase to the Ecumenical Temple.
  3583 | D:6      | 3583 ||| Stepping ~*~*~tactically~*~*~ (stealth).
  3584 | D:6      | 3584 ||| Stepping ~*~*~tactically~*~*~ (stealth).
  3685 | D:6      | 3685 ||| INVOKING Fiery Armour.
  3735 | D:6      | 3735 ||| Stepping ~*~*~tactically~*~*~ (stealth).
  3736 | D:6      | 3736 ||| Stepping ~*~*~tactically~*~*~ (hiding).
  3738 | D:6      | 3738 ||| Stepping ~*~*~tactically~*~*~ (stealth).
  3750 | D:6      | 3750 ||| FLEEEEING.
  3756 | D:6      | Reached skill level 9 in Unarmed Combat
  3756 | D:6      | Reached XP level 8. HP: 49/75 MP: 8/8
  3829 | D:6      | 3829 ||| Stepping ~*~*~tactically~*~*~ (outnumbered).
  3830 | D:6      | 3830 ||| Stepping ~*~*~tactically~*~*~ (outnumbered).
  3974 | D:6      | 3974 ||| READING scroll labelled QIJ GATZAENUOK.
  3975 | D:6      | 3975 ||| READING scroll labelled ISEASKI LUUNU.
  3976 | D:6      | 3976 ||| READING 2 scrolls of identify.
  3976 | D:6      | 3976 ||| IDENTIFYING silvery potion
  3988 | D:5      | 3988 ||| READING 2 scrolls of teleportation.
  4039 | D:5      | Reached skill level 1 in Throwing
  4039 | D:5      | Found a large runed translucent door.
  4039 | D:5      | Found a large runed translucent door.
  4042 | D:5      | Noticed qw's ghost (amateur TeWr)
  4118 | D:5      | 4118 ||| READING 2 scrolls of teleportation.
  4265 | D:7      | 4265 ||| Stepping ~*~*~tactically~*~*~ (stealth).
  4267 | D:7      | 4267 ||| Stepping ~*~*~tactically~*~*~ (stealth).
  4269 | D:7      | 4269 ||| INVOKING Fiery Armour.
  4275 | D:7      | 4275 ||| Stepping ~*~*~tactically~*~*~ (stealth).
  4279 | D:7      | 4279 ||| Stepping ~*~*~tactically~*~*~ (stealth).
  4282 | D:7      | 4282 ||| Stepping ~*~*~tactically~*~*~ (outnumbered).
  4283 | D:7      | 4283 ||| Stepping ~*~*~tactically~*~*~ (outnumbered).
  4305 | D:7      | Reached skill level 10 in Unarmed Combat
  4426 | D:7      | 4426 ||| Stepping ~*~*~tactically~*~*~ (stealth).
  4517 | D:7      | 4517 ||| Stepping ~*~*~tactically~*~*~ (stealth).
  4518 | D:7      | 4518 ||| Stepping ~*~*~tactically~*~*~ (stealth).
  4624 | D:7      | Reached skill level 3 in Dodging
  4641 | D:7      | 4641 ||| Stepping ~*~*~tactically~*~*~ (outnumbered).
  4642 | D:7      | 4642 ||| Stepping ~*~*~tactically~*~*~ (outnumbered).
  4834 | D:7      | 4834 ||| READING scroll labelled CAAXKA GUDDOO.
  4835 | D:7      | 4835 ||| DRINKING 2 bubbling pink potions.
  4936 | D:7      | 4936 ||| DROPPING potion of ambrosia.
  4958 | D:6      | 4958 ||| READING 2 scrolls of teleportation.
  5056 | D:6      | Noticed a rust devil
  5056 | D:6      | Noticed a rust devil
  5057 | D:6      | 5057 ||| INVOKING Fiery Armour.
  5063 | D:6      | 5063 ||| Stepping ~*~*~tactically~*~*~ (outnumbered).
  5064 | D:6      | 5064 ||| Stepping ~*~*~tactically~*~*~ (outnumbered).
  5065 | D:6      | 5065 ||| Stepping ~*~*~tactically~*~*~ (outnumbered).
  5067 | D:6      | Reached XP level 9. HP: 47/84 MP: 9/9
  5068 | D:6      | 5068 ||| READING scroll of teleportation.
  5070 | D:6      | HP: 18/84 [rust devil (6)]
  5071 | D:6      | 5071 ||| DRINKING potion of heal wounds.
  5208 | D:6      | 5208 ||| Stepping randomly (stuck).
  5254 | D:8      | 5254 ||| INVOKING Fiery Armour.
  5263 | D:8      | 5263 ||| Stepping ~*~*~tactically~*~*~ (outnumbered).
  5274 | D:8      | Reached skill level 11 in Unarmed Combat
  5277 | D:8      | 5277 ||| Stepping ~*~*~tactically~*~*~ (outnumbered).
  5281 | D:8      | Reached skill level 3 in Throwing
  5282 | D:8      | 5282 ||| Stepping ~*~*~tactically~*~*~ (outnumbered).
  5294 | D:8      | HP: 17/84 [gnoll/+0 spear[a gnoll bouda] (6)]
  5299 | D:8      | HP: 8/84 [gnoll/+0 flail[a gnoll bouda] (8)]
  5301 | D:8      | 5301 ||| Stepping ~*~*~tactically~*~*~ (outnumbered).
  5306 | D:8      | 5306 ||| Stepping ~*~*~tactically~*~*~ (outnumbered).
  5306 | D:8      | HP: 8/84 [gnoll/+0 spear[a gnoll bouda] (5)]
  5310 | D:8      | Killed from afar by an orc priest

Levels and vault maps discovered:
D:1:      minmay_arrival_cross, layout_basic, shapermc_ecumenical_altar_gd
D:2:      layout_rooms, uniq_robin
D:3:      layout_basic
D:4:      layout_cave_pools
D:5:      layout_basic, ebering_ghost_disaster_area, uniq_duvessa
D:6:      cheibrodos_iron_armory, layout_rooms, minmay_temple_entry_mini_moons
D:7:      layout_gridville
D:8:      layout_basic

Skill      XL: |  1  2  3  4  5  6  7  8  9 |
---------------+----------------------------+-----
Unarmed Combat | 4 5 6 7 9 10 11 | 11.9
Dodging        | 1 2 3 |  3.0
Fighting       | 3 4 |  4.2
Throwing       | 2 3 |  3.6
Spellcasting   | |  1.0
Fire Magic     | |  2.1

Action                   |  1- 3 |  4- 6 |  7- 9 || total
-------------------------+-------+-------+-------++-------
Melee: Unarmed           |   100 |   186 |   180 ||   466
       Punch             |       |     4 |    13 ||    17
Throw: Boomerang         |       |    25 |    21 ||    46
       Javelin           |       |       |     4 ||     4
Invok: Fiery Armour      |     2 |     1 |     4 ||     7
  Use: Scroll            |     3 |     9 |     8 ||    20
       Potion            |       |     2 |     2 ||     4
Armor: Robe              |    36 |    56 |    56 ||   148
Dodge: Dodged            |    49 |    70 |    83 ||   202

Table legend:
 A = Non-vault XP
 B = Vault XP
 C = Vault XP percentage of total XP
 D = Non-vault monster count
 E = Vault monster count
 F = Vault count percentage of total count
                 A         B        C        D         E       F
            +---------+---------+-------+---------+---------+-------
      Total |    4115 |     381 |   8.5 |     159 |      15 |   8.6
            +---------+---------+-------+---------+---------+-------
        D:1 |      35 |       0 |   0.0 |      20 |       0 |   0.0
        D:2 |      53 |      35 |  39.8 |      18 |      12 |  40.0
        D:3 |     130 |       0 |   0.0 |      26 |       0 |   0.0
        D:4 |     126 |       0 |   0.0 |      19 |       0 |   0.0
        D:5 |     412 |     216 |  34.4 |      11 |       2 |  15.4
        D:6 |     535 |     130 |  19.5 |      24 |       1 |   4.0
        D:7 |    1219 |       0 |   0.0 |      22 |       0 |   0.0
        D:8 |    1605 |       0 |   0.0 |      19 |       0 |   0.0
            +---------+---------+-------+---------+---------+-------
